[Event "Team 45 45 League T84"]
[Site "Internet Chess Club"]
[Date "2020.05.01"]
[Round "5"]
[White "chesskix"]
[Black "olivermx"]
[Result "1/2-1/2"]
[WhiteElo "1351"]
[BlackElo "1299"]
[Opening "English: closed system"]
[ECO "A25"]
[Time "20:00:42"]
[TimeControl "2700+45"]

1. c4 e5 2. Nc3 Nc6 3. g3 g6 4. Bg2 Bg7 5. e3 Nge7 6. Nge2 O-O 7. O-O d6 8. d4
exd4 9. exd4 h6 10. a3 Kh7 11. Nd5 Nxd5 12. cxd5 Ne7 13. Bd2 Bd7 14. Bc3 f5 15.
Nf4 c6 16. Ne6 Bxe6 17. dxe6 d5 18. Re1 Ng8 19. Bb4 Re8 20. Qd2 Qf6 21. Re5 Rxe6
22. Rae1 Rae8 23. Bc3 Qf7 24. Rxe6 Rxe6 25. Rxe6 Qxe6 26. Kf1 Nf6 27. f3 g5 28.
Qe2 Qxe2+ 29. Kxe2 Kg6 30. Kd3 Nh5 31. Bb4 f4 32. g4 Nf6 33. Bd6 h5 34. h3 hxg4
35. hxg4 Ne8 36. Be5 Bxe5 37. dxe5 Kf7 38. Kd4 Ke6 39. b4 Nc7 40. a4 Na6 41. b5
cxb5 42. axb5 Nc7 43. Bf1 a6 44. bxa6 bxa6 45. Bd3 Nb5+ 46. Kc5 Kxe5 47. Kb6 Nd4
48. Kxa6 Nxf3 49. Bf5 d4 50. Kb5 Ne1 51. Kc4 d3 52. Bxd3 Nxd3 53. Kxd3 f3 54.
Ke3 f2 55. Kxf2 Kf4 56. Kg1 Kxg4 57. Kg2 Kf4 58. Kf2 g4 59. Kg2 g3 60. Kg1 Kf3
61. Kf1 {Game drawn by mutual agreement} 1/2-1/2

[Event "Team 45 45 League T84"]
[Site "Internet Chess Club"]
[Date "2020.05.05"]
[Round "5"]
[White "kingsrook"]
[Black "WzeroMN"]
[Result "1/2-1/2"]
[WhiteElo "1198"]
[BlackElo "1070"]
[Opening "QGD: 3.Nc3"]
[ECO "D31"]
[Time "13:00:18"]
[TimeControl "2700+45"]

1. d4 d5 2. c4 e6 3. Nc3 dxc4 4. e4 c5 5. d5 e5 6. Bxc4 Nf6 7. Nf3 Bd7 8. Nxe5
Bd6 9. Nxd7 Nbxd7 10. O-O O-O 11. Bg5 Ne5 12. Bb5 a6 13. Ba4 b5 14. Bc2 c4 15.
h3 h6 16. Bh4 g5 17. Bg3 b4 18. Nb1 c3 19. bxc3 bxc3 20. Nxc3 Rb8 21. Rb1 Rxb1
22. Bxb1 Qa5 23. Qc2 Rc8 24. Qa4 {Game drawn by mutual agreement} 1/2-1/2

[Event "Team 45 45 League T84"]
[Site "Internet Chess Club"]
[Date "2020.04.30"]
[Round "5"]
[White "sdcohle"]
[Black "Balderdash"]
[Result "1-0"]
[WhiteElo "1376"]
[BlackElo "1199"]
[Opening "Ruy Lopez (Spanish opening)"]
[ECO "C60"]
[Time "19:01:08"]
[TimeControl "2700+45"]

1. e4 e5 2. Nf3 Nc6 3. Bb5 Bd6 4. c3 a6 5. Ba4 b5 6. Bc2 Nf6 7. O-O Ne7 8. d4
Bb7 9. dxe5 Bxe4 10. exd6 Bxc2 11. dxe7 Bxd1 12. exd8=Q+ Rxd8 13. Rxd1 O-O 14.
Bg5 d6 15. Nbd2 h6 16. Bxf6 gxf6 17. Ne4 f5 18. Ng3 f4 19. Nf5 h5 20. Re1 Kh7
21. Re4 Rg8 22. Rxf4 Rg6 23. Re1 Rdg8 24. g3 Rf6 25. N3h4 c5 26. Kh1 c4 27. Rf3
d5 28. Nd4 Rxf3 29. Nhxf3 f6 30. Re6 Rf8 31. Rxa6 Kg6 32. Nxb5 Kf5 33. Nbd4+ Ke4
34. Kg1 h4 35. Nxh4 Re8 36. Re6+ Rxe6 37. Nxe6 Kd3 38. Nd4 Kd2 39. a4 Kc1 40. a5
Kxb2 41. a6 Kxc3 42. Ne2+ Kd3 43. Kf1 f5 44. a7 f4 45. gxf4 c3 46. a8=Q d4 47.
Qd5 Kc2 48. Qxd4 Kb1 49. Nxc3+ Kb2 50. Qb4+ Kc2 51. Ne4 Kd3 52. f3 Kc2 53. f5
Kd3 54. f6 Kc2 55. f7 Kc1 56. f8=Q Kc2 57. Qfc5+ Kd3 58. Qbc3# {Black
checkmated} 1-0

[Event "Team 45 45 League T84"]
[Site "Internet Chess Club"]
[Date "2020.04.29"]
[Round "5"]
[White "dwmt"]
[Black "oldbookseller"]
[Result "1-0"]
[WhiteElo "1235"]
[BlackElo "988"]
[Opening "Polish (Sokolsky) opening"]
[ECO "A00"]
[Time "12:30:37"]
[TimeControl "2700+45"]

1. b4 b5 2. Bb2 Nc6 3. a3 e6 4. e4 a6 5. d3 Bd6 6. Bxg7 Be5 7. Bxh8 Bxh8 8. Ra2
Bb7 9. g3 Qf6 10. Qf3 O-O-O 11. Qxf6 Nxf6 12. Bg2 Re8 13. Nf3 e5 14. O-O Nd4 15.
Nxd4 exd4 16. Nd2 d5 17. Re1 Bg7 18. e5 Ng4 19. Bh3 f5 20. Nf3 Re6 21. Bxg4 fxg4
22. Ng5 Rg6 23. Nf7 Bh6 24. e6 c5 25. Nd6+ Kc7 26. Nxb7 Kxb7 27. e7 Bd2 28. Re2
Rg8 29. e8=Q Rxe8 30. Rxe8 c4 31. Re7+ Kc6 32. Rxh7 cxd3 33. cxd3 Bc3 34. Kg2
{Black resigns} 1-0

[Event "Team 45 45 League T84"]
[Site "Internet Chess Club"]
[Date "2020.05.02"]
[Round "5"]
[White "Electryon"]
[Black "ascoli"]
[Result "0-1"]
[WhiteElo "1448"]
[BlackElo "1583"]
[Opening "English opening"]
[ECO "A05"]
[Time "15:02:08"]
[TimeControl "2700+45"]

1. Nf3 Nf6 2. c4 g6 3. b4 Bg7 4. Bb2 O-O 5. g3 Nc6 6. b5 Na5 7. d3 a6 8. a4 c6
9. Bg2 cxb5 10. axb5 axb5 11. cxb5 Qb6 12. Nc3 Ng4 13. O-O Bxc3 14. Bxc3 Qxb5
15. Qd2 Nb3 16. Qb2 Rxa1 17. Rxa1 Qb6 18. Rf1 Qe6 19. Nd4 Nxd4 20. Bxd4 d5 21.
h3 Nf6 22. Bxf6 exf6 23. e3 Rd8 24. d4 Rd6 25. Rb1 b6 26. Qa2 Bd7 27. Bf1 Kg7
28. Qa7 b5 29. Rb4 Ra6 30. Qb8 Ra1 31. g4 h5 32. Qf4 g5 33. Qf5 Qxf5 34. gxf5
Bxf5 35. Rxb5 Rxf1+ 36. Kxf1 Bd3+ 37. Kg2 Bxb5 38. Kg3 Kg6 39. h4 Kf5 40. f3 Be2
41. Kf2 Bd1 42. Kg3 gxh4+ 43. Kxh4 Bxf3 44. Kg3 Ke4 {White resigns} 0-1

[Event "Team 45 45 League T84"]
[Site "Internet Chess Club"]
[Date "2020.05.04"]
[Round "5"]
[White "KidRattler"]
[Black "clarinetref"]
[Result "1-0"]
[WhiteElo "1687"]
[BlackElo "1425"]
[Opening "Queen's gambit accepted"]
[ECO "D20"]
[Time "20:11:32"]
[TimeControl "2700+45"]

1. d4 d5 2. c4 dxc4 3. Nc3 a6 4. e4 e6 5. Bxc4 Nf6 6. Nf3 b5 7. Bb3 Bb7 8. e5
Nd5 9. Nxd5 Bxd5 10. Bxd5 Qxd5 11. O-O c5 12. dxc5 Qxd1 13. Rxd1 Bxc5 14. Bg5
O-O 15. Rac1 Bb6 16. Be7 Re8 17. a3 Ra7 18. Bd6 a5 19. Rc2 Na6 20. Rdc1 b4 21.
Rc6 Bd8 22. axb4 Nxb4 23. Bxb4 axb4 24. Rc8 Rae7 25. g3 h6 26. Rb8 Ba5 27. Rb5
Ra8 28. Rcc5 Bd8 29. Rxb4 Rea7 30. Rcb5 Be7 31. Rb3 Rd7 32. Rb7 Rxb7 33. Rxb7
Ra1+ 34. Kg2 Bc5 35. Rb8+ Kh7 36. Rc8 Bb4 37. Rb8 Bc5 38. Rc8 Bb4 39. Rc4 Ba5
40. Rf4 Kg8 41. Nd4 Ra2 42. b3 Bc7 43. Re4 Bb6 44. Ne2 Rb2 45. b4 Kf8 46. f4 Ke7
47. Kh3 f5 48. exf6+ gxf6 49. f5 e5 50. Nc3 Bg1 51. Re2 Rb3 52. Nd5+ Kf7 53. Rc2
e4 54. Rc7+ Kf8 55. Nxf6 e3 56. Kg4 e2 57. Kh5 e1=Q 58. Kg6 Qxb4 59. Rf7# {Black
checkmated} 1-0

[Event "Team 45 45 League T84"]
[Site "Internet Chess Club"]
[Date "2020.05.02"]
[Round "5"]
[White "sdcohle"]
[Black "Visin"]
[Result "0-1"]
[WhiteElo "1351"]
[BlackElo "1194"]
[Opening "Ruy Lopez: modern Steinitz defense"]
[ECO "C74"]
[Time "14:31:21"]
[TimeControl "2700+45"]

1. e4 e5 2. Nf3 Nc6 3. Bb5 a6 4. Ba4 d6 5. c3 Nf6 6. d3 Be7 7. O-O Bd7 8. Nbd2
O-O 9. d4 exd4 10. cxd4 h6 11. a3 Bg4 12. Bxc6 bxc6 13. Re1 Re8 14. h3 Bd7 15.
e5 Nh7 16. Nc4 Qb8 17. b4 Be6 18. Ne3 Qb5 19. Bb2 Ng5 20. Nxg5 Bxg5 21. Qc2 Rad8
22. Rac1 Bxe3 23. Rxe3 Bd5 24. Rce1 Re6 25. f4 f6 26. f5 Ree8 27. exf6 Rxe3 28.
Rxe3 gxf6 29. Qf2 Rd7 30. Rg3+ Rg7 31. Rxg7+ Kxg7 32. Qg3+ Kf7 33. Qg6+ Ke7 34.
Qxh6 Qe2 35. Qg7+ Bf7 36. Qg4 Qxb2 37. h4 Qc1+ 38. Kh2 Qh6 39. Qe4+ Kd7 40. g3
Bd5 41. Qe2 Qc1 42. g4 Qf4+ 43. Kh3 Qxd4 44. h5 Qf4 45. Kh4 Qg5+ 46. Kg3 Qc1 47.
Qh2 Qe3+ 48. Kh4 Qg5+ 49. Kh3 c5 50. bxc5 dxc5 51. Qg3 c4 52. Qc3 c6 53. Qd4 Ke7
54. Qc5+ Kd7 55. Qa7+ Kd6 56. Qb8+ Kc5 57. Qb4+ Kd4 58. Qb6+ Ke4 59. Qf2 Qe3+
60. Qxe3+ Kxe3 61. Kh4 c3 62. g5 fxg5+ 63. Kxg5 c2 64. h6 Bg8 65. f6 c1=Q 66. h7
Bxh7 67. f7 Qf1 {White resigns} 0-1

[Event "Team 45 45 League T84"]
[Site "Internet Chess Club"]
[Date "2020.04.30"]
[Round "5"]
[White "Portola"]
[Black "MathBandit"]
[Result "0-1"]
[WhiteElo "1660"]
[BlackElo "1718"]
[Opening "Queen's pawn game, Darooha variation "]
[ECO "D02"]
[Time "18:00:27"]
[TimeControl "2700+45"]

1. d4 d5 2. Nf3 Nf6 3. c3 e6 4. Bg5 c5 5. e3 Qb6 6. Qb3 Nc6 7. Nbd2 Bd7 8. Be2
Bd6 9. O-O cxd4 10. exd4 Qc7 11. Rfe1 Ne4 12. Nf1 h6 13. Bh4 f5 14. Ne5 Nxe5 15.
dxe5 Bxe5 16. Bh5+ Kf8 17. f4 Bxf4 18. Rxe4 dxe4 19. Bf2 Kg8 20. Bg6 Kf8 21. Rd1
Bd6 22. Ne3 Bc5 23. Nxf5 Be8 24. Qxe6 Bxg6 25. Qxg6 Bxf2+ 26. Kxf2 Qb6+ 27. Qxb6
axb6 28. a3 g6 29. Ne3 Rh7 30. Rd6 Rf7+ 31. Ke2 Kg7 32. Nd5 Raf8 33. b4 Rf2+ 34.
Ke3 Rxg2 35. Rxb6 Rxh2 36. Rxb7+ Rf7 37. Rb6 g5 38. Kxe4 g4 39. Ne3 Re2 40. Kd3
Rxe3+ 41. Kxe3 g3 42. Rd6 g2 43. Rd1 Rf1 44. Rd7+ Kg6 45. Rd6+ Kg5 46. Rd5+ Kg4
47. Rd4+ Kg3 {White resigns} 0-1

[Event "Team 45 45 League T84"]
[Site "Internet Chess Club"]
[Date "2020.04.30"]
[Round "5"]
[White "JeffH"]
[Black "Mitochondria"]
[Result "1/2-1/2"]
[WhiteElo "1695"]
[BlackElo "1602"]
[Opening "Sicilian defense"]
[ECO "B20"]
[Time "19:30:38"]
[TimeControl "2700+45"]

1. e4 c5 2. b3 d6 3. Bb2 Nf6 4. Nc3 Nc6 5. f4 Bg4 6. Be2 Bd7 7. Nf3 e6 8. O-O
Be7 9. a3 O-O 10. e5 dxe5 11. Nxe5 a6 12. Bf3 Qc7 13. Nxd7 Qxd7 14. d3 Rfd8 15.
Kh1 Nd4 16. g3 Nxf3 17. Qxf3 b5 18. a4 b4 19. Ne4 Nxe4 20. Qxe4 Qd5 21. Rae1 g6
22. Qg2 Bf8 23. h3 Bg7 24. Be5 Rac8 25. Kh2 Qxg2+ 26. Kxg2 Rd5 27. Kf3 Bxe5 28.
fxe5 h5 29. Kf4 Kg7 30. Re4 Rcd8 31. Ke3 Rd4 32. Ref4 R8d7 33. Rf6 R4d5 34. Ke4
a5 35. R6f3 Rd4+ 36. Ke3 g5 37. Rf6 R4d5 38. Ke4 Rd4+ 39. Ke3 R4d5 {Game drawn
by mutual agreement} 1/2-1/2

[Event "Team 45 45 League T84"]
[Site "Internet Chess Club"]
[Date "2020.05.01"]
[Round "5"]
[White "sburreus09"]
[Black "Chess4Him"]
[Result "1-0"]
[WhiteElo "1545"]
[BlackElo "1447"]
[Opening "Robatsch (modern) defense"]
[ECO "B06"]
[Time "20:05:21"]
[TimeControl "2700+45"]

1. e4 g6 2. Bc4 Bg7 3. d4 d6 4. Be3 Nd7 5. Ne2 a6 6. f4 e6 7. O-O b5 8. Bd3 c5
9. c3 Bb7 10. Nd2 Ne7 11. Ng3 O-O 12. f5 exf5 13. exf5 c4 14. Bc2 Nd5 15. Bf2
Nf4 16. Nde4 Nf6 17. Qf3 N4d5 18. Nxf6+ Bxf6 19. Be4 Qc7 20. Bxd5 Bxd5 21. Qxd5
Kh8 22. Ne4 Qe7 23. Rae1 Rad8 24. Bg3 Be5 25. dxe5 Qa7+ 26. Bf2 Qb8 27. Bd4 Kg8
28. Nxd6 {Black resigns} 1-0

[Event "Team 45 45 League T84"]
[Site "Internet Chess Club"]
[Date "2020.05.02"]
[Round "5"]
[White "pagliaci"]
[Black "nosir"]
[Result "0-1"]
[WhiteElo "1234"]
[BlackElo "1392"]
[Opening "Pirc defense"]
[ECO "B07"]
[Time "10:14:57"]
[TimeControl "2700+45"]

1. e4 d6 2. d4 Nf6 3. Nc3 Nbd7 4. Bd3 c6 5. Nf3 Qc7 6. Bf4 e5 7. Be3 Be7 8. Qd2
Ng4 9. O-O-O Nxe3 10. Qxe3 exd4 11. Qxd4 Bf6 12. Qe3 Ne5 13. Nxe5 Bxe5 14. Be2
Be6 15. Kb1 b5 16. a3 O-O 17. Rd3 a5 18. Rhd1 Bc4 19. R3d2 Bxc3 20. Qxc3 Bxe2
21. Rxe2 b4 22. axb4 axb4 23. Qxb4 Rfb8 24. Qxd6 Qa5 25. Kc1 Rd8 26. Qa3 Qg5+
27. Red2 Rxa3 28. bxa3 Rxd2 29. Rxd2 Kf8 {White resigns} 0-1

[Event "Team 45 45 League T84"]
[Site "Internet Chess Club"]
[Date "2020.04.29"]
[Round "5"]
[White "bardu"]
[Black "Gojira"]
[Result "0-1"]
[WhiteElo "1330"]
[BlackElo "1608"]
[Opening "QGD Slav: Krause attack"]
[ECO "D17"]
[Time "19:10:19"]
[TimeControl "2700+45"]

1. d4 d5 2. c4 c6 3. Nf3 Nf6 4. Nc3 dxc4 5. a4 Bf5 6. Ne5 Nbd7 7. Nxc4 Nb6 8.
Ne5 a5 9. e3 Nfd7 10. Nxf7 Kxf7 11. Qf3 Ke6 12. e4 Bg6 13. d5+ Kd6 14. Bf4+ e5
15. dxe6+ Kxe6 16. Rd1 Qf6 17. Qh3+ Ke7 18. Bd6+ Ke8 19. Bxf8 Rxf8 20. f3 Rd8
{White resigns} 0-1

[Event "Team 45 45 League T84"]
[Site "Internet Chess Club"]
[Date "2020.05.01"]
[Round "5"]
[White "rkjulianjr"]
[Black "wankan"]
[Result "0-1"]
[WhiteElo "1307"]
[BlackElo "1389"]
[Opening "Nimzo-Indian: Reshevsky variation"]
[ECO "E46"]
[Time "13:02:12"]
[TimeControl "2700+45"]

1. d4 Nf6 2. c4 e6 3. Nc3 Bb4 4. e3 O-O 5. Ne2 Re8 6. a3 Bf8 7. Ng3 d5 8. Bd3 c5
9. O-O Nc6 10. cxd5 Nxd5 11. dxc5 Nxc3 12. Bxh7+ Kxh7 13. Qc2+ g6 14. Qxc3 Bg7
15. Qc2 Qc7 16. Bd2 Ne7 17. Bc3 Qxc5 18. Ne4 Qc6 19. Ng5+ Kg8 20. f4 Bxc3 21.
bxc3 Nd5 22. Qf2 Kg7 23. Qh4 Rh8 24. Qg3 b6 25. Rfe1 Bb7 26. f5 exf5 27. Qe5+
Qf6 28. Qg3 Nxc3 29. Rf1 Ne2+ {White resigns} 0-1

[Event "Team 45 45 League T84"]
[Site "Internet Chess Club"]
[Date "2020.05.04"]
[Round "5"]
[White "Just-Jim"]
[Black "CMAlge"]
[Result "0-1"]
[WhiteElo "1257"]
[BlackElo "1217"]
[Opening "Queen's pawn game, Darooha variation "]
[ECO "D02"]
[Time "17:00:18"]
[TimeControl "2700+45"]

1. Nf3 d5 2. d4 Nf6 3. Nc3 c5 4. h3 Nc6 5. Bf4 cxd4 6. Nxd4 Nxd4 7. Qxd4 e6 8.
e3 Be7 9. Nb5 O-O 10. Nc7 Rb8 11. Na6 Ra8 12. Nc7 Rb8 13. Qxa7 Bd7 14. Nxe6 Bxe6
15. Bxb8 Qxb8 16. Qd4 Rc8 17. Bd3 Bd6 18. O-O-O Be5 19. Qb6 Nd7 20. Qb4 Nc5 21.
f4 Nxd3+ 22. Rxd3 Bf5 23. Rxd5 Rxc2+ 24. Kd1 Rxb2 25. Qe7 Bf6 26. Qc5 Rb1+ 27.
Ke2 Rxh1 28. Rxf5 Ra1 29. Qc4 Rb1 30. Rd5 Rb2+ 31. Kf3 Rb6 32. Rd7 Re6 33. Rc7
Bd8 34. Rc8 Qd6 35. Qa4 Qe7 36. e4 g6 37. Qa8 Rd6 38. Qa3 Qd7 39. Rc3 h5 40. Re3
Rd1 41. Kg3 h4+ 42. Kh2 Bc7 43. Qa8+ Kh7 44. e5 Qd4 45. Qf8 Qxf4+ 46. g3 Qf2#
{White checkmated} 0-1

[Event "Team 45 45 League T84"]
[Site "Internet Chess Club"]
[Date "2020.05.02"]
[Round "5"]
[White "seldredg"]
[Black "oldmanpatzer"]
[Result "1-0"]
[WhiteElo "1337"]
[BlackElo "1210"]
[Opening "Queen's pawn"]
[ECO "A40"]
[Time "13:31:09"]
[TimeControl "2700+45"]

1. d4 e6 2. Bf4 d5 3. e3 c5 4. c3 cxd4 5. cxd4 Bd6 6. Bg3 Nf6 7. Nf3 Nc6 8. Nbd2
Bd7 9. a3 Qc7 10. Rc1 Rc8 11. b4 a6 12. Bd3 Qb8 13. Nb3 {Black resigns} 1-0

[Event "Team 45 45 League T84"]
[Site "Internet Chess Club"]
[Date "2020.05.03"]
[Round "5"]
[White "mongmong"]
[Black "ascoli"]
[Result "0-1"]
[WhiteElo "1482"]
[BlackElo "1595"]
[Opening "Queen's pawn: Yusupov-Rubinstein system"]
[ECO "A46"]
[Time "08:00:48"]
[TimeControl "2700+45"]

1. d4 Nf6 2. Nf3 e6 3. e3 b6 4. Bd3 Bb7 5. Nbd2 c5 6. c3 Nc6 7. O-O Be7 8. e4
cxd4 9. cxd4 Nb4 10. Bb1 Ba6 11. Re1 Nd3 12. Bxd3 Bxd3 13. d5 Qc8 14. d6 Bd8 15.
Re3 Qa6 16. b3 Rc8 17. Bb2 Ng4 18. Re1 Bf6 19. e5 Bd8 20. h3 Nh6 21. Nd4 O-O 22.
N2f3 f6 23. Re3 Bg6 24. a3 fxe5 25. Nxe5 Nf5 26. Nxg6 Nxe3 27. Ne7+ Bxe7 28.
fxe3 Bh4 {White resigns} 0-1

[Event "Team 45 45 League T84"]
[Site "Internet Chess Club"]
[Date "2020.05.01"]
[Round "5"]
[White "Visin"]
[Black "Pawnchain"]
[Result "0-1"]
[WhiteElo "1168"]
[BlackElo "1388"]
[Opening "French: Steinitz variation"]
[ECO "C11"]
[Time "08:01:13"]
[TimeControl "2700+45"]

1. e4 e6 2. d4 d5 3. Nc3 Nf6 4. e5 Nfd7 5. Nf3 c5 6. Be3 Nc6 7. Bb5 cxd4 8. Nxd4
Ncxe5 9. Bxd7+ Bxd7 10. Nf3 Nc4 11. b3 Nd6 12. O-O Rc8 13. Ne2 Be7 14. Rc1 O-O
15. Ne5 Ne4 16. Nxd7 Qxd7 17. Bxa7 Ra8 18. Bd4 Rxa2 19. Nc3 Nxc3 20. Bxc3 Qc7
21. Qd2 Rc8 22. Bd4 Rxc2 23. Rxc2 Qxc2 24. Qxc2 Rxc2 25. f4 Bc5 26. Bxc5 Rxc5
27. Rb1 b5 28. Rb2 f6 29. Kf2 h6 30. Ke3 g5 31. f5 {White resigns} 0-1

[Event "Team 45 45 League T84"]
[Site "Internet Chess Club"]
[Date "2020.05.02"]
[Round "5"]
[White "dabodhi"]
[Black "seattleblues"]
[Result "0-1"]
[WhiteElo "1317"]
[BlackElo "1271"]
[Opening "Caro-Kann defense"]
[ECO "B11"]
[Time "21:16:53"]
[TimeControl "2700+45"]

1. e4 c6 2. Nc3 d5 3. exd5 cxd5 4. Bb5+ Nc6 5. Nf3 Nf6 6. Ne5 Qc7 7. d4 a6 8.
Ba4 b5 9. Bb3 Nxe5 10. dxe5 Qxe5+ 11. Be3 e6 12. O-O Bb7 13. Bd4 Qc7 14. Re1 Be7
15. Be5 Qc8 16. a4 b4 17. Ne2 a5 18. Nd4 O-O 19. Rc1 Nd7 20. c4 Nxe5 21. Rxe5
Qb8 22. Rh5 g6 23. Rh3 Rc8 24. Qg4 dxc4 25. Bc2 Bf6 26. Nxe6 Qe5 27. Re3 h5 28.
Qe2 Qd5 29. Nf4 Qg5 30. g3 Bxb2 31. Rd1 Bd4 32. Rxd4 c3 33. Re5 Qf6 34. Rd6 Qxd6
35. Rg5 Re8 36. Qxh5 Re1# {White checkmated} 0-1

[Event "Team 45 45 League T84"]
[Site "Internet Chess Club"]
[Date "2020.05.03"]
[Round "5"]
[White "SeniorCitizen"]
[Black "stantheman59"]
[Result "1-0"]
[WhiteElo "1378"]
[BlackElo "1229"]
[Opening "Sicilian: Taimanov variation"]
[ECO "B45"]
[Time "14:00:33"]
[TimeControl "2700+45"]

1. e4 c5 2. Nf3 Nc6 3. Nc3 e6 4. d4 cxd4 5. Nxd4 Nge7 6. Ndb5 Ng6 7. Nd6+ Bxd6
8. Qxd6 Qe7 9. Nb5 O-O 10. Qxe7 Ncxe7 11. Bd3 d5 12. exd5 Nxd5 13. O-O Ne5 14.
Be4 Nf6 15. f3 Rd8 16. Bg5 Rb8 17. Bxf6 gxf6 18. f4 Nc4 19. b3 Nd2 20. Rfe1 a6
21. Nc3 Rd4 22. g3 f5 23. Bg2 b5 24. Kf2 Bb7 25. Ne2 Ne4+ 26. Bxe4 Rxe4 27. Rad1
Rc8 28. Nd4 Rxe1 29. Rxe1 Be4 30. Re2 b4 31. Ke1 f6 32. Kd1 Rd8 33. Rd2 e5 34.
fxe5 fxe5 35. Ne6 Rxd2+ 36. Kxd2 h6 37. Nc5 a5 38. Nxe4 fxe4 39. Ke3 Kf7 40.
Kxe4 Kf6 41. g4 Ke6 42. h4 Kf6 43. g5+ hxg5 44. hxg5+ Kxg5 45. Kxe5 Kg4 46. Kd4
Kf3 47. c4 bxc3 48. Kxc3 Ke4 49. Kc4 Ke3 50. a4 Ke4 51. b4 axb4 52. Kxb4 Kd5 53.
Kb5 Kd6 54. Kb6 Kd7 55. Kb7 Kd8 56. a5 {Black resigns} 1-0